 Dungeon Crawl Stone Soup version 0.30.1-3-gfc49f6343a (webtiles) character file.

Game seed: 4738101637120845121

20 wingedge the Covered (level 2, 0/24 HPs)
             Began as a Demigod Wanderer on July 27, 2023.
             Succumbed to a goblin's poison
             ... on level 1 of the Dungeon.
             The game lasted 00:05:49 (647 turns).

wingedge the Covered (Demigod Wanderer)              Turns: 647, Time: 00:05:49

Health: 0/24       AC: 12    Str: 13    XL:     2   Next: 42%
Magic:  4/4        EV:  9    Int: 12    God:
Gold:   12         SH:  0    Dex: 15    Spells: 1/1 levels left

rFire   . . .        a - +0 quarterstaff
rCold   . . .        (shield currently unavailable)
rNeg    . . .        b - +2 scale mail
rPois   .            f - +2 helmet
rElec   .            (no cloak)
rCorr   +            (no gloves)
SInv    .            (no boots)
Will    .....        (no amulet) Stlth
                     e - ring of resist corrosion
HPRegen 0.24/turn    (no ring)
MPRegen 0.09/turn

%: no passive effects
@: lethally poisoned (0 -> -8)
A: high MP 1, forlorn, divine attributes
a: no special abilities


You were on level 1 of the Dungeon.
You visited 1 branch of the dungeon, and saw 1 of its levels.

You collected 12 gold pieces.

Inventory:

Hand Weapons
 a - a +0 quarterstaff (weapon)
Missiles
 h - 7 stones (quivered)
Armour
 b - a +2 scale mail (worn)
 f - a +2 helmet (worn)
Jewellery
 e - a ring of resist corrosion (left hand)
Scrolls
 i - a scroll of blinking
Potions
 c - a potion of attraction


   Skills:
 - Level 2.0 Fighting
 + Level 3.1 Staves
 - Level 4.5 Armour
 - Level 1.0 Dodging


You had one spell level left.
You didn't know any spells.
Your spell library contained the following spells:

 Spells                   Type           Power      Damage    Failure   Level
 Sublimation of Blood     Necr           0%         N/A       91%         2
 Wereblood                Tmut           0%         N/A       91%         2
 Summon Hydra             Summ           0%         N/A       100%        7


Dungeon Overview and Level Annotations

Branches:
Dungeon (1/15)


Innate Abilities, Weirdness & Mutations

You have an increased reservoir of magic. (+10% MP)
You shall have no god before yourself.
Your divine heritage dramatically boosts your attributes as you level up.


Message History

There is an open door here.
Throw: 8 stones
Press: ? - help, Q - select action Shift-Dir - straight line, f - goblin
Aim: a goblin, wielding a +0 dagger of venom (51% to hit)
You throw a stone. The stone barely misses the goblin.
A kobold comes into view. It is wielding a +0 dagger.
The kobold shouts!
You closely miss the kobold. The kobold hits you but does no damage.
You barely miss the kobold. The kobold hits you but does no damage.
The kobold closely misses you.
You hit the kobold.
The kobold is moderately wounded.
The kobold hits you but does no damage.
You hit the kobold.
You kill the kobold!
You barely miss the goblin. The goblin hits you but does no damage.
You are poisoned.
As you read the scroll of teleportation, it crumbles to dust.
You feel strangely unstable.
You feel very sick. The goblin hits you but does no damage.
You are more poisoned.
You closely miss the goblin.
You feel very sick. The goblin hits you but does no damage.
You are lethally poisoned!
You closely miss the goblin.
Your surroundings suddenly seem different.
You feel very sick.
Okay, then.
As you read the scroll labelled FOPUFIY WOPPIUS, it crumbles to dust.
It is a scroll of identify.
i - a scroll of blinking
* * * LOW HITPOINT WARNING * * *
You feel very sick.
* * * LOW HITPOINT WARNING * * *
You feel very sick.
* * * LOW HITPOINT WARNING * * *
You feel very sick.
You die...

#...## #.#.##..# .#
.....## #.#.....# .#
......## #..###..# .#
.......####...##..######..
.......'.............>..
.......####...##.######
......## ##.###.# .....##
### #.# #...## #@# ##'##
#.# #.#############.#
#.##......##....#
##.##.####.##.#### #...#.#
#.##.# ......####.##.#
........##.##.#
##.##.#.......#


There were no monsters in sight!

Vanquished Creatures
  A dart slug (D:1)
  A ball python (D:1)
  An endoplasm (D:1)
  A giant cockroach (D:1)
  A hobgoblin (D:1)
  4 jackals (D:1)
  A quokka (D:1)
  A bat (D:1)
  A frilled lizard (D:1)
  3 kobolds (D:1)
  A rat (D:1)
16 creatures vanquished.

Notes
Turn   | Place    | Note
-------+----------+-------------------------------------------
     0 | D:1      | wingedge the Demigod Wanderer began the quest for the Orb.
     0 | D:1      | wingedge set off with the following items: a +0
                  | quarterstaff, a +2 scale mail, a potion of attraction, a
                  | scroll of teleportation.
     0 | D:1      | Reached XP level 1. HP: 16/16 MP: 3/3
   492 | D:1      | Reached XP level 2. HP: 24/24 MP: 4/4
   647 | D:1      | Succumbed to a goblin's poison

Illustrated notes

Levels and vault maps discovered:
D:1:      dpeg_arrival_tiny_a, layout_loops_corners, columned_hall_lemuel,
          dreamdust_princess_corridor

Skill      XL: |  1  2 |
---------------+-------+-----
Staves         | 3 |  3.1
Fighting       | 2 |  2.0
Armour         | |  4.5
Dodging        | |  1.0

Action                     || total
---------------------------++-------
  Melee: Quarterstaff      ||    46
  Throw: Stone             ||     1
    Use: Scroll            ||     2
 Armour: Scale mail        ||    26
  Dodge: Dodged            ||    11
